 Dungeon Crawl Stone Soup version 0.29-a0-284-gf9362112df (webtiles) character file.

Game seed: 4934388875490545851

2 GigaChad the Grave Robber (level 1, 0/13 HPs)
             Began as a Human Necromancer on Mar 30, 2022.
             Constricted to death by a ball python (1 damage)
             ... on level 1 of the Dungeon.
             The game lasted 00:04:14 (156 turns).

GigaChad the Grave Robber (Human Necromancer)        Turns: 156, Time: 00:04:15

Health: 0/13       AC:  6    Str:  8    XL:     1   Next: 33%
Magic:  3/3        EV:  5    Int: 15    God:
Gold:   13         SH:  0    Dex: 13    Spells: 3/4 levels left

rFire   . . .      SeeInvis .   h - +0 club
rCold   . . .      Faith    .   (no shield)
rNeg    + . .      Spirit   .   g - +0 scale mail
rPois   .          Reflect  .   (no helmet)
rElec   .          Harm     .   (no cloak)
rCorr   .          Rampage  .   (no gloves)
Will    .....                   (no boots)
Stlth   +.........              (no amulet)
HPRegen 0.04/turn               e - ring of positive energy
MPRegen 0.08/turn               (no ring)

@: constricted
A: no striking features
a: no special abilities


You were on level 1 of the Dungeon.
You visited 1 branch of the dungeon, and saw 1 of its levels.

You collected 13 gold pieces.

Inventory:

Hand Weapons
 h - a +0 club (weapon)
Armour
 a - a +0 robe
 f - a +0 cloak
 g - a +0 scale mail (worn)
Jewellery
 e - a ring of positive energy (left hand)
Scrolls
 d - a scroll of identify {unknown}
Potions
 b - a potion of magic
 c - a potion of haste {unknown}


   Skills:
 + Level 2.1 Dodging
 + Level 2.0 Stealth
 + Level 2.0 Spellcasting
 + Level 4.0 Necromancy


You had 3 spell levels left.
You knew the following spells:

 Your Spells              Type           Power      Damage    Failure   Level
a - Pain                  Necr           52%        1d6       41%         1

Your spell library contained the following spells:

 Spells                   Type           Power      Damage    Failure   Level
 Animate Skeleton         Necr           26%        N/A       41%         1
 Vampiric Draining        Necr           13%        2d6       78%         3
 Sting                    Tmut/Pois      4%         1d3       92%         1
 Poisonous Vapours        Pois/Air       2%         N/A       98%         2
 Conjure Flame            Conj/Fire      1%         6-21      100%        3
 Ignite Poison            Fire/Tmut/Pois 1%         N/A       100%        3
 Animate Dead             Necr           6%         N/A       99%         4
 Olgreb's Toxic Radiance  Pois           1%         N/A       100%        4
 Sticky Flame             Conj/Fire      1%         2d3       100%        4
 Agony                    Necr           13%        N/A       100%        5


Dungeon Overview and Level Annotations

Branches:
Dungeon (1/15)

Altars:


Message History

The ball python bites you but does no damage.
The ball python grabs you. The ball python constricts you.
You barely miss the ball python. The ball python closely misses you.
The ball python constricts you.
You closely miss the ball python. The ball python barely misses you.
The ball python constricts you. The giant cockroach bites you.
The ball python bites you but does no damage.
The ball python constricts you.
You hit the ball python.
The ball python is severely wounded.
The giant cockroach bites you.
* * * LOW HITPOINT WARNING * * *
The ball python bites you.
* * * LOW HITPOINT WARNING * * *
The ball python constricts you. The giant cockroach closely misses you.
A gnoll comes into view. It is wielding a +0 flail.
You closely miss the ball python.
The ball python is severely wounded.
The gnoll shouts!
You hear an angry hiss.
The ball python bites you but does no damage.
The ball python constricts you.
The giant cockroach bites you but does no damage.
The ball python bites you but does no damage.
The ball python constricts you. The giant cockroach barely misses you.
You escape the ball python's grasp.
The giant cockroach bites you but does no damage.
The giant cockroach attacks as you move away!
The giant cockroach bites you but does no damage.
A kobold comes into view. It is wielding a +0 whip.
The ball python closely misses you. The ball python grabs you.
The ball python constricts you.
You escape the ball python's grasp.
The giant cockroach attacks as you move away!
The giant cockroach bites you.
* * * LOW HITPOINT WARNING * * *
The giant cockroach bites you but does no damage.
The giant cockroach bites you but does no damage.
The ball python bites you but does no damage.
The ball python grabs you. The ball python constricts you.
You die...

#.# .......#
#.# .......#
#.# .#.....#
#.# .......#
#.# ..
.....######.#
...
...##.....#
....
#.##.##### .
...#
#...@.#.# .#
#...#.##SB..#
.r
#...#.....#.#
..
#.......gl#.#
..#...#...#.#
.
..........#.#
#.
..#...##....#
.#
#......?....#
#
##.....####.#


You could see a gnoll, a giant cockroach, a ball python and a frilled lizard.

Vanquished Creatures
  A goblin (D:1)
  A ball python (D:1)
2 creatures vanquished.

Notes
Turn   | Place    | Note
-------+----------+-------------------------------------------
     0 | D:1      | GigaChad the Human Necromancer began the quest for the Orb.
     0 | D:1      | Reached XP level 1. HP: 13/13 MP: 3/3
   156 | D:1      | Constricted to death by a ball python

Illustrated notes

Levels and vault maps discovered:
D:1:      psy_arrival_spokes, layout_basic, chequers_serial_rivers_micro_d

Action                   || total
-------------------------++-------
Melee: Unarmed           ||     6
       Club              ||     5
Armor: Scale mail        ||    14
Dodge: Dodged            ||    10

Table legend: (Time is in decaauts)
 A = Elapsed time spent in this place.
 B = Non-inter-level travel time spent in this place.
 C = Inter-level travel time spent in this place.
 D = Time resting spent in this place.
 E = Time spent auto-exploring this place.
 F = Levels seen in this place.
 G = Mean time per level.
                   A        B        C        D        E       F      G
               +--------+--------+--------+--------+--------+-----+--------+
         Total |    156 |    156 |      0 |      0 |      0 |   1 |  156.0 |
       Dungeon |    156 |    156 |      0 |      0 |      0 |   1 |  156.0 |
               +--------+--------+--------+--------+--------+-----+--------+

Top non-repeatable levels by time:
     D:1: 156 daAuts
